| TOP OF THE 1ST |
|
Cedar Rapids Kernels batting - Pitching for Hickory Crawdads : RHP Erik Sever
|
|
Pitching: RHP Erik Sever
|
|
|
Batting: SHB Matt Urbani
|
0-0: Ball 1-0: Ball 2-0: Ball 3-0: Called Strike 3-1: Foul Ball, location: 2F 3-2: Base on Balls
|
|
Batting: LHB Chris Munguia
|
0-0: Ball Matt Urbani steals 2nd base 1-0: Foul Ball, location: 2F 1-1: Swinging Strike 1-2: Strikes out swinging
|
|
Batting: RHB Matt Dunn
|
0-0: Ball 1-0: Ball 2-0: Ball 3-0: Called Strike 3-1: Called Strike 3-2: Strikes out swinging
|
|
Batting: SHB Dan Morataya
|
0-0: Foul Ball, location: 2F 0-1: Fly out, F8 (Line Drive, 8RM, EV 93.8 MPH)
|
| Top of the 1st over - 0 runs, 0 hits, 0 errors, 1 left on base; Cedar Rapids 0 - Hickory 0 |
| BOTTOM OF THE 1ST |
|
Hickory Crawdads batting - Pitching for Cedar Rapids Kernels : RHP Matt Springer
|
|
Pitching: RHP Matt Springer
|
|
|
Batting: RHB Michel Martineau
|
0-0: Fly out, F9 (Flyball, 9LM, EV 88.8 MPH)
|
|
Batting: LHB Jose Baez
|
0-0: Ground out 4-3 (Groundball, 34, EV 84.4 MPH)
|
|
Batting: RHB George King
|
0-0: SINGLE (Groundball, 6M, EV 99.4 MPH) (infield hit)
|
|
Batting: RHB Vinny Luna
|
0-0: Swinging Strike 0-1: Ball George King is caught stealing 2nd base 2-4
|
| Bottom of the 1st over - 0 runs, 1 hit, 0 errors, 0 left on base; Cedar Rapids 0 - Hickory 0 |
| TOP OF THE 2ND |
|
Cedar Rapids Kernels batting - Pitching for Hickory Crawdads : RHP Erik Sever
|
|
Batting: RHB Ryan Gautney
|
0-0: Ball 1-0: Fly out, F6 (Line Drive, 6, EV 71.2 MPH)
|
|
Batting: LHB Israel Montoya
|
0-0: DOUBLE (Line Drive, 78XD, EV 105.0 MPH)
|
|
Batting: LHB Ho-win Zhou
|
0-0: Called Strike 0-1: Ball 1-1: Called Strike 1-2: Strikes out looking
|
|
Batting: RHB Tony Crespo
|
0-0: Foul Ball, location: 2F 0-1: Foul Ball, location: 2F 0-2: Ball 1-2: Strikes out swinging
|
| Top of the 2nd over - 0 runs, 1 hit, 0 errors, 1 left on base; Cedar Rapids 0 - Hickory 0 |
| BOTTOM OF THE 2ND |
|
Hickory Crawdads batting - Pitching for Cedar Rapids Kernels : RHP Matt Springer
|
|
Batting: RHB Vinny Luna
|
0-0: Foul Ball, location: 2F 0-1: Foul Ball, location: 2F 0-2: Strikes out swinging
|
|
Batting: RHB Tim Adams
|
0-0: Ball 1-0: Ball 2-0: Foul Ball, location: 2F 2-1: Fly out, F8 (Flyball, 8RXD, EV 81.2 MPH)
|
|
Batting: RHB Nick Solberg
|
0-0: Ball 1-0: Called Strike 1-1: Foul Ball, location: 2F 1-2: SINGLE (Line Drive, 6MD, EV 106.2 MPH)
|
|
Batting: RHB Shoh Tanioka
|
0-0: Ball 1-0: Fly out, F8 (Line Drive, 78S, EV 93.8 MPH)
|
| Bottom of the 2nd over - 0 runs, 1 hit, 0 errors, 1 left on base; Cedar Rapids 0 - Hickory 0 |
| TOP OF THE 3RD |
|
Cedar Rapids Kernels batting - Pitching for Hickory Crawdads : RHP Erik Sever
|
|
Batting: RHB Dave Berry
|
0-0: Foul Ball, location: 2F 0-1: Fly out, F8 (Flyball, 8RXD, EV 99.4 MPH)
|
|
Batting: SHB Matt Urbani
|
0-0: Called Strike 0-1: Called Strike 0-2: Strikes out swinging
|
|
Batting: LHB Chris Munguia
|
0-0: Ground out 6-3 (Groundball, 6S, EV 69.4 MPH)
|
| Top of the 3rd over - 0 runs, 0 hits, 0 errors, 0 left on base; Cedar Rapids 0 - Hickory 0 |
| BOTTOM OF THE 3RD |
|
Hickory Crawdads batting - Pitching for Cedar Rapids Kernels : RHP Matt Springer
|
|
Batting: RHB Josh Ferguson
|
0-0: Bunt missed! 0-1: Ball 1-1: Ball 2-1: SINGLE (Groundball, 6D, EV 105.0 MPH)
|
|
Batting: RHB Ricky Carbajal
|
0-0: Ball 1-0: Foul Ball, location: 2F 1-1: Grounds into double play, 4-6-3 (Groundball, 4M, EV 78.1 MPH)
|
|
Batting: RHB Michel Martineau
|
0-0: Ball 1-0: Ball 2-0: Called Strike 2-1: Foul Ball, location: 2F 2-2: Foul Ball, location: 2F 2-2: Ball 3-2: Ground out 1-3 (Groundball, 15S, EV 68.8 MPH)
|
| Bottom of the 3rd over - 0 runs, 1 hit, 0 errors, 0 left on base; Cedar Rapids 0 - Hickory 0 |
| TOP OF THE 4TH |
|
Cedar Rapids Kernels batting - Pitching for Hickory Crawdads : RHP Erik Sever
|
|
Batting: RHB Matt Dunn
|
0-0: Ball 1-0: Called Strike 1-1: Swinging Strike 1-2: Ball 2-2: Foul Ball, location: 2F 2-2: Strikes out swinging
|
|
Batting: SHB Dan Morataya
|
0-0: Called Strike 0-1: Foul Ball, location: 2F 0-2: Ball 1-2: Ground out 5-3 (Groundball, 56, EV 108.1 MPH)
|
|
Batting: RHB Ryan Gautney
|
0-0: Ball 1-0: Ground out 6-3 (Groundball, 6M, EV 100.0 MPH)
|
| Top of the 4th over - 0 runs, 0 hits, 0 errors, 0 left on base; Cedar Rapids 0 - Hickory 0 |
| BOTTOM OF THE 4TH |
|
Hickory Crawdads batting - Pitching for Cedar Rapids Kernels : RHP Matt Springer
|
|
Batting: LHB Jose Baez
|
0-0: Called Strike 0-1: Fly out, F8 (Flyball, 8LXD, EV 107.5 MPH)
|
|
Batting: RHB George King
|
0-0: Ball 1-0: Ball 2-0: Called Strike 2-1: Swinging Strike 2-2: Ground out 5-3 (Groundball, 5L, EV 85.6 MPH)
|
|
Batting: RHB Vinny Luna
|
0-0: Foul Ball, location: 2F 0-1: Ball 1-1: Foul Ball, location: 2F 1-2: Ball 2-2: Ball 3-2: SINGLE (Groundball, 56D, EV 93.8 MPH)
|
|
Batting: RHB Tim Adams
|
0-0: Ball 1-0: Ground out 4-3 (Groundball, 34, EV 90.6 MPH)
|
| Bottom of the 4th over - 0 runs, 1 hit, 0 errors, 1 left on base; Cedar Rapids 0 - Hickory 0 |
| TOP OF THE 5TH |
|
Cedar Rapids Kernels batting - Pitching for Hickory Crawdads : RHP Erik Sever
|
|
Batting: LHB Israel Montoya
|
0-0: SINGLE (Line Drive, 9S, EV 93.1 MPH)
|
|
Batting: LHB Ho-win Zhou
|
0-0: Called Strike 0-1: Ball 1-1: Grounds into double play, 1-6-3 (Groundball, 13, EV 73.1 MPH)
|
|
Batting: RHB Tony Crespo
|
0-0: Called Strike 0-1: Ball 1-1: Ball 2-1: Ball 3-1: Base on Balls
|
|
Batting: RHB Dave Berry
|
0-0: Foul Ball, location: 2F 0-1: Foul Ball, location: 2F 0-2: Strikes out swinging
|
| Top of the 5th over - 0 runs, 1 hit, 0 errors, 1 left on base; Cedar Rapids 0 - Hickory 0 |
| BOTTOM OF THE 5TH |
|
Hickory Crawdads batting - Pitching for Cedar Rapids Kernels : RHP Matt Springer
|
|
Batting: RHB Nick Solberg
|
0-0: Ground out 5-3 (Groundball, 56, EV 86.9 MPH)
|
|
Batting: RHB Shoh Tanioka
|
0-0: Ball 1-0: Called Strike 1-1: Foul Ball, location: 2F 1-2: Fly out, F9 (Line Drive, 89M, EV 100.0 MPH)
|
|
Batting: RHB Josh Ferguson
|
0-0: Called Strike 0-1: Ball 1-1: Ball 2-1: Ball 3-1: Base on Balls
|
|
Batting: RHB Ricky Carbajal
|
0-0: Fielders Choice at 2nd, 5-4 (Groundball, 5, EV 78.1 MPH)
|
| Bottom of the 5th over - 0 runs, 0 hits, 0 errors, 1 left on base; Cedar Rapids 0 - Hickory 0 |
| TOP OF THE 6TH |
|
Cedar Rapids Kernels batting - Pitching for Hickory Crawdads : RHP Erik Sever
|
|
Batting: SHB Matt Urbani
|
0-0: Called Strike 0-1: Called Strike 0-2: Strikes out swinging
|
|
Batting: LHB Chris Munguia
|
0-0: Ball 1-0: Swinging Strike 1-1: Swinging Strike 1-2: Ground out 6-3 (Groundball, 6M, EV 85.6 MPH)
|
|
Batting: RHB Matt Dunn
|
0-0: Foul Ball, location: 2F 0-1: Fly out, F7 (Flyball, 7, EV 85.6 MPH)
|
| Top of the 6th over - 0 runs, 0 hits, 0 errors, 0 left on base; Cedar Rapids 0 - Hickory 0 |
| BOTTOM OF THE 6TH |
|
Hickory Crawdads batting - Pitching for Cedar Rapids Kernels : RHP Matt Springer
|
|
Batting: RHB Michel Martineau
|
0-0: Called Strike 0-1: Ball 1-1: Ball 2-1: Swinging Strike 2-2: Ball 3-2: Base on Balls
|
|
Batting: LHB Jose Baez
|
0-0: Swinging Strike 0-1: Called Strike Michel Martineau is caught stealing 2nd base 2-6 0-2: Ball 1-2: Ball 2-2: Ball 3-2: Foul Ball, location: 2F 3-2: Ground out 5-3 (Groundball, 6S, EV 66.9 MPH)
|
|
Batting: RHB George King
|
0-0: Called Strike 0-1: Foul Ball, location: 2F 0-2: Fly out, F9 (Flyball, 8RS, EV 85.0 MPH)
|
| Bottom of the 6th over - 0 runs, 0 hits, 0 errors, 0 left on base; Cedar Rapids 0 - Hickory 0 |
| TOP OF THE 7TH |
|
Cedar Rapids Kernels batting - Pitching for Hickory Crawdads : RHP Erik Sever
|
|
Batting: SHB Dan Morataya
|
0-0: Ball 1-0: Foul Ball, location: 2F 1-1: Foul Ball, location: 2F 1-2: Strikes out swinging, 2-3 out at first.
|
|
Batting: RHB Ryan Gautney
|
0-0: Ball 1-0: Foul Ball, location: 2F 1-1: Foul Ball, location: 2F 1-2: Ball 2-2: Ball 3-2: Foul Ball, location: 2F 3-2: Foul Ball, location: 2F 3-2: Foul Ball, location: 2F 3-2: Foul Ball, location: 2F 3-2: Fly out, F9 (Flyball, 9D, EV 98.8 MPH)
|
|
Batting: LHB Israel Montoya
|
0-0: Called Strike 0-1: Foul Ball, location: 2F 0-2: Ball 1-2: Foul Ball, location: 2F 1-2: Fly out, F9 (Flyball, 89D, EV 109.4 MPH)
|
| Top of the 7th over - 0 runs, 0 hits, 0 errors, 0 left on base; Cedar Rapids 0 - Hickory 0 |
| BOTTOM OF THE 7TH |
|
Hickory Crawdads batting - Pitching for Cedar Rapids Kernels : RHP Matt Springer
|
|
Batting: RHB Vinny Luna
|
0-0: Ball 1-0: Called Strike 1-1: Foul Ball, location: 2F 1-2: SINGLE (Flyball, 78S, EV 85.6 MPH)
|
|
Batting: RHB Tim Adams
|
0-0: Ball 1-0: Called Strike 1-1: Ball 2-1: Ball 3-1: DOUBLE (Flyball, 78D, EV 109.4 MPH) Vinny Luna to third
|
|
Batting: RHB Nick Solberg
|
0-0: Ball 1-0: Ball 2-0: Ball 3-0: Called Strike 3-1: Foul Ball, location: 2F 3-2: Ground out 5-3 (Groundball, 56S, EV 88.8 MPH)
|
|
Batting: RHB Shoh Tanioka
|
0-0: Hit by Pitch
|
|
Batting: RHB Josh Ferguson
|
0-0: Ball 1-0: Ball 2-0: Ball 3-0: Called Strike 3-1: Fly out, F8 (Line Drive, 8RD, EV 100.6 MPH) Runner from 3rd tags up, OUT at HOME! 8-2
|
| Bottom of the 7th over - 0 runs, 2 hits, 0 errors, 2 left on base; Cedar Rapids 0 - Hickory 0 |
| TOP OF THE 8TH |
|
Cedar Rapids Kernels batting - Pitching for Hickory Crawdads : RHP Erik Sever
|
|
Batting: LHB Ho-win Zhou
|
0-0: Ball 1-0: Called Strike 1-1: Fly out, F9 (Flyball, 9S, EV 93.8 MPH)
|
|
Batting: RHB Tony Crespo
|
0-0: Called Strike 0-1: Called Strike 0-2: Ball 1-2: Foul Ball, location: 2F 1-2: Strikes out looking
|
|
Pinch Hitting: LHB David Campbell
|
0-0: Called Strike 0-1: Ball 1-1: Called Strike 1-2: Foul Ball, location: 2F 1-2: Ground out 5-3 (Groundball, 56, EV 85.0 MPH)
|
| Top of the 8th over - 0 runs, 0 hits, 0 errors, 0 left on base; Cedar Rapids 0 - Hickory 0 |
| BOTTOM OF THE 8TH |
|
Hickory Crawdads batting - Pitching for Cedar Rapids Kernels : RHP Matt Springer
|
|
Pitching: RHP Orlando Guapo
|
|
|
Now at SS: Sean Gould
|
|
|
Batting: RHB Ricky Carbajal
|
0-0: Ball 1-0: Called Strike 1-1: Called Strike 1-2: Ball 2-2: Foul Ball, location: 2F 2-2: Ball 3-2: Fly out, F7 (Flyball, 7S, EV 80.6 MPH)
|
|
Batting: RHB Michel Martineau
|
0-0: Ball 1-0: Ground out 1-3 (Groundball, 13S, EV 72.5 MPH)
|
|
Batting: LHB Jose Baez
|
0-0: Called Strike 0-1: Ball 1-1: Ball 2-1: Ball 3-1: Foul Ball, location: 2F 3-2: Fly out, F7 (Flyball, 7S, EV 95.6 MPH)
|
| Bottom of the 8th over - 0 runs, 0 hits, 0 errors, 0 left on base; Cedar Rapids 0 - Hickory 0 |
| TOP OF THE 9TH |
|
Cedar Rapids Kernels batting - Pitching for Hickory Crawdads : RHP Erik Sever
|
|
Batting: SHB Matt Urbani
|
0-0: Ball 1-0: Ball 2-0: Foul Ball, location: 2F 2-1: Foul Ball, location: 2F 2-2: Ball 3-2: Fly out, F8 (Flyball, 78M, EV 80.6 MPH)
|
|
Batting: LHB Chris Munguia
|
0-0: Ball 1-0: Ball 2-0: Ball 3-0: Base on Balls
|
|
Pitching: RHP Aaron McKinney
|
|
|
Batting: RHB Matt Dunn
|
0-0: Called Strike 0-1: Ball Chris Munguia steals 2nd base 1-1: Swinging Strike 1-2: Ball 2-2: Ball 3-2: SINGLE (Line Drive, 6D, EV 100.6 MPH) Chris Munguia to third
|
|
Batting: SHB Dan Morataya
|
0-0: Called Strike 0-1: Foul Ball, location: 2F 0-2: Ball 1-2: Grounds into double play, 4-6-3 (Groundball, 4S, EV 81.2 MPH)
|
| Top of the 9th over - 0 runs, 1 hit, 0 errors, 1 left on base; Cedar Rapids 0 - Hickory 0 |
| BOTTOM OF THE 9TH |
|
Hickory Crawdads batting - Pitching for Cedar Rapids Kernels : RHP Orlando Guapo
|
|
Batting: RHB George King
|
0-0: Called Strike 0-1: Ball 1-1: Ground out 6-3 (Groundball, 56, EV 105.0 MPH)
|
|
Batting: RHB Vinny Luna
|
0-0: Called Strike 0-1: Called Strike 0-2: Foul Ball, location: 2F 0-2: Foul Ball, location: 2F 0-2: Strikes out swinging
|
|
Batting: RHB Tim Adams
|
0-0: Ball 1-0: Called Strike 1-1: Foul Ball, location: 2F 1-2: Strikes out swinging
|
| Bottom of the 9th over - 0 runs, 0 hits, 0 errors, 0 left on base; Cedar Rapids 0 - Hickory 0 |
| TOP OF THE 10TH |
|
Cedar Rapids Kernels batting - Pitching for Hickory Crawdads : RHP Aaron McKinney
|
|
Batting: RHB Ryan Gautney
|
0-0: Foul Ball, location: 2F 0-1: Fly out, F7 (Flyball, 78S, EV 92.5 MPH)
|
|
Batting: LHB Israel Montoya
|
0-0: Ball 1-0: Called Strike 1-1: Ball 2-1: Ball 3-1: Reached via error on a dropped throw from 2B, E3 (Groundball, 4, EV 85.0 MPH)
|
|
Batting: LHB Ho-win Zhou
|
0-0: Ball Israel Montoya is caught stealing 2nd base 2-6 1-0: Ball 2-0: Fly out, F8 (Flyball, 8LXD, EV 96.2 MPH)
|
| Top of the 10th over - 0 runs, 0 hits, 1 error, 0 left on base; Cedar Rapids 0 - Hickory 0 |
| BOTTOM OF THE 10TH |
|
Hickory Crawdads batting - Pitching for Cedar Rapids Kernels : RHP Orlando Guapo
|
|
Pinch Hitting: LHB Sadamu Noguchi
|
0-0: Called Strike 0-1: Ground out 6-3 (Groundball, 6, EV 85.6 MPH)
|
|
Batting: RHB Shoh Tanioka
|
0-0: Called Strike 0-1: Ball 1-1: Fly out, F7 (Flyball, 7, EV 90.6 MPH)
|
|
Batting: RHB Josh Ferguson
|
0-0: Called Strike 0-1: Ground out 6-3 (Groundball, 6, EV 80.0 MPH)
|
| Bottom of the 10th over - 0 runs, 0 hits, 0 errors, 0 left on base; Cedar Rapids 0 - Hickory 0 |
| TOP OF THE 11TH |
|
Cedar Rapids Kernels batting - Pitching for Hickory Crawdads : RHP Aaron McKinney
|
|
Now in LF: Sadamu Noguchi
|
|
|
Batting: RHB Tony Crespo
|
0-0: Called Strike 0-1: Swinging Strike 0-2: Foul Ball, location: 2F 0-2: Strikes out swinging
|
|
Batting: RHB Sean Gould
|
0-0: Called Strike 0-1: Swinging Strike 0-2: Ball 1-2: Ball 2-2: Strikes out looking
|
|
Batting: SHB Matt Urbani
|
0-0: Ball 1-0: Ball 2-0: Called Strike 2-1: Foul Ball, location: 2F 2-2: Ball 3-2: Base on Balls
|
|
Batting: LHB Chris Munguia
|
0-0: Ball 1-0: Ball 2-0: Called Strike Matt Urbani is caught stealing 2nd base 2-6
|
| Top of the 11th over - 0 runs, 0 hits, 0 errors, 0 left on base; Cedar Rapids 0 - Hickory 0 |
| BOTTOM OF THE 11TH |
|
Hickory Crawdads batting - Pitching for Cedar Rapids Kernels : RHP Orlando Guapo
|
|
Pinch Hitting: LHB Lee Gerken
|
0-0: Foul Ball, location: 2F 0-1: Foul Ball, location: 2F 0-2: Foul Ball, location: 2F 0-2: Ball 1-2: Foul Ball, location: 2F 1-2: Ground out 4-3 (Groundball, 34, EV 101.9 MPH)
|
|
Batting: RHB Michel Martineau
|
0-0: Ball 1-0: Foul Ball, location: 2F 1-1: Ball 2-1: Ball 3-1: Called Strike 3-2: Strikes out looking
|
|
Batting: LHB Jose Baez
|
0-0: Called Strike 0-1: Fly out, F7 (Flyball, 78D, EV 105.0 MPH)
|
| Bottom of the 11th over - 0 runs, 0 hits, 0 errors, 0 left on base; Cedar Rapids 0 - Hickory 0 |
| TOP OF THE 12TH |
|
Cedar Rapids Kernels batting - Pitching for Hickory Crawdads : RHP Aaron McKinney
|
|
Pitching: RHP Dan Landry
|
|
|
Now at 1B: Lee Gerken
|
|
|
Now in CF: Jose Baez
|
|
|
Now in RF: Vinny Luna
|
|
|
Batting: LHB Chris Munguia
|
0-0: Foul Ball, location: 2F 0-1: Ball 1-1: DOUBLE (Line Drive, 7LS, EV 96.2 MPH)
|
|
Batting: RHB Matt Dunn
|
0-0: Called Strike Chris Munguia steals 3rd base 0-1: Foul Ball, location: 2F 0-2: Foul Ball, location: 2F 0-2: Strikes out swinging
|
|
Batting: SHB Dan Morataya
|
0-0: Intentional Walk
|
|
Batting: RHB Ryan Gautney
|
0-0: Ball 1-0: Called Strike 1-1: SINGLE (Groundball, P, EV 84.4 MPH) (infield hit) Chris Munguia scores Dan Morataya to second
|
|
Batting: LHB Israel Montoya
|
0-0: Called Strike 0-1: Ball 1-1: Foul Ball, location: 2F 1-2: Ball 2-2: Ball 3-2: Foul Ball, location: 2F 3-2: Strikes out swinging
|
|
Pitching: LHP Joey Lowe
|
|
|
Pinch Hitting: RHB Mike Craver
|
0-0: Ball 1-0: Called Strike 1-1: Swinging Strike 1-2: Foul Ball, location: 2F 1-2: Ball 2-2: Ball 3-2: Strikes out swinging
|
| Top of the 12th over - 1 run, 2 hits, 0 errors, 2 left on base; Cedar Rapids 1 - Hickory 0 |
| BOTTOM OF THE 12TH |
|
Hickory Crawdads batting - Pitching for Cedar Rapids Kernels : RHP Orlando Guapo
|
|
Now at 1B: Mike Craver
|
|
|
Now in LF: David Nardone
|
|
|
Batting: RHB George King
|
0-0: Called Strike 0-1: Ball 1-1: Called Strike 1-2: Ball 2-2: Ground out 6-3 (Groundball, 6, EV 87.5 MPH)
|
|
Batting: RHB Vinny Luna
|
0-0: Ball 1-0: Called Strike 1-1: Called Strike 1-2: Ball 2-2: Ground out 6-3 (Groundball, 6, EV 80.6 MPH)
|
|
Batting: RHB Tim Adams
|
0-0: SINGLE (Groundball, 56S, EV 64.4 MPH) (infield hit)
|
|
Pitching: RHP Steven Legge
|
|
|
Batting: LHB Sadamu Noguchi
|
0-0: Called Strike 0-1: Fly out, F5 (Popup, 15, EV 83.1 MPH)
|
| Bottom of the 12th over - 0 runs, 1 hit, 0 errors, 1 left on base; Cedar Rapids 1 - Hickory 0 |
|